 Dungeon Crawl Stone Soup version 0.28-a0-1429-gf3d713df7a (webtiles) character file.

Game seed: 14440130384822774089

5790 HallandMoats the Torchbearer (level 10, -1/77 HPs)
             Began as a Demonspawn Fighter on Jan 9, 2022.
             Was an Initiate of Yredelemnul.
             Slain by a boulder beetle (42 damage)
             ... on level 9 of the Dungeon.
             The game lasted 00:09:33 (7669 turns).

HallandMoats the Torchbearer (Demonspawn Fighter)   Turns: 7669, Time: 00:09:37

Health: -1/77      AC: 16    Str: 25    XL:     10   Next: 50%
Magic:  18/18      EV: 14    Int: 13    God:    Yredelemnul [......]
Gold:   173        SH: 10    Dex: 15    Spells: 9/9 levels left

rFire   . . .      SeeInvis .   b - +1 spear of Humm {vorpal, +Blink Fly Int+4}
rCold   . . .      Faith    .   c - +0 buckler
rNeg    . . .      Spirit   .   j - +3 chain mail {rPois}
rPois   +          Reflect  .   (helmet restricted)
rElec   .          Harm     .   l - +0 cloak {rCorr}
rCorr   +          Rampage  .   y - +1 pair of gloves
Will    .....                   (no boots)
Stlth   ..........              A - amulet of regeneration
HPRegen 1.02/turn               e - +4 ring of evasion
MPRegen 0.16/turn               x - +6 ring of strength

@: flying
A: horns 2, large bone plates 1, ignite blood 1
a: Renounce Religion, Evoke Blink, Recall Undead Harvest


You were on level 9 of the Dungeon.
You worshipped Yredelemnul.
Yredelemnul was aware of your devotion.
You visited 1 branch of the dungeon, and saw 9 of its levels.

You collected 397 gold pieces.
You spent 224 gold pieces at shops.

Inventory:

Hand Weapons
 a - a +0 war axe
 b - the +1 spear of Humm (weapon) {vorpal, +Blink Fly Int+4}
   (You bought it in a shop on level 6 of the Dungeon)

   It inflicts extra damage upon your enemies.
   Int:       It affects your intelligence (+4).
   Fly:       It grants you flight.
   +Blink:    It lets you blink.
Missiles
 d - a throwing net (quivered)
Armour
 c - a +0 buckler (worn)
 j - a +3 chain mail of poison resistance (worn)
 l - a +0 cloak of preservation (worn)
 y - a +1 pair of gloves (worn)
Jewellery
 e - a +4 ring of evasion (left hand)
 x - a +6 ring of strength (right hand)
 z - a +4 ring of slaying
 A - an amulet of regeneration (around neck)
Wands
 f - a wand of flame (11)
 k - a wand of charming (22)
 s - a wand of mindburst (14)
 B - a wand of digging (5)
Scrolls
 g - 2 scrolls of magic mapping {unknown}
 h - 2 scrolls of fog {unknown}
 i - 2 scrolls of acquirement {unknown}
 n - a scroll of vulnerability {unknown}
 o - 2 scrolls of blinking {unknown}
 p - a scroll of enchant weapon {unknown}
 u - a scroll of noise {unknown}
 v - 5 scrolls of identify {unknown}
 w - 5 scrolls of teleportation {unknown}
Potions
 m - a potion of lignification {unknown}
 q - a potion of attraction {unknown}
 r - a potion of resistance {unknown}
 t - a potion of magic {unknown}
 C - a potion of haste {unknown}


   Skills:
 + Level 6.4 Fighting
 + Level 5.5 Axes
 + Level 5.9 Armour
 + Level 5.2 Dodging
 - Level 7.1 Shields
 * Level 10.6 Invocations


You had 9 spell levels left.
You didn't know any spells.
Your spell library was empty.

Dungeon Overview and Level Annotations

Branches:
Dungeon (9/15)             Temple (0/1) D:5            Lair (0/6) D:8
    Orc: D:9-12

Altars:
Dithmenos
Fedhas
Sif Muna
Yredelemnul
The Shining One

Shops:
D:6 (


Innate Abilities, Weirdness & Mutations

You have a pair of horns on your head.
You are partially covered in large bone plates. (SH +4)
Your demonic aura sometimes causes spilled blood to erupt in flames.


Message History

No target in view!
No target in view!
No target in view!
No target in view!
No target in view!
No target in view!
No target in view!
No target in view!
No target in view!
No target in view!
No target in view!
No target in view!
No target in view!
No target in view!
No target in view!
No target in view!
No target in view!
Magic restored.
Items here: )) [[.
Key pressed, stopping explore.
No target in view!
You now have 173 gold pieces (gained 9).
A boulder beetle comes into view.
Found a potion of curing and 17 poisoned darts.
The boulder beetle curls into a ball and begins rolling!
A vampire mosquito and a death knight come into view.
Found a weird runed staff.
There are monsters nearby!
You reach to attack!
You hit the death knight.
The death knight is lightly wounded.
The death knight mumbles some strange prayers to Yredelemnul against you.
Your body is wracked with pain!
There are monsters nearby!
You hit the boulder beetle but do no damage.
You headbutt the boulder beetle!
The boulder beetle is lightly wounded.
The boulder beetle hits you!!!
Ouch! That really hurt!
You die...
Your body rises from the dead as a mindless zombie.

### # ..##.# . ...#.#
#. #. ###...#.#
#.(.#/##....##.#### ###
....°yB@...###.#.. ..
...##p#Z..##...#.# #.
##. ##..#....#.# #. ...
#..#......##.###.
......#.........##.....
#. #.....#....#.# ####.
. ##....#......######.
##..###............
#### ###.#########


You could see a death knight (ally target), a boulder beetle (rolling), a
vampire mosquito and a friendly orc zombie.

Vanquished Creatures
  A hydra (D:8)
  Harold (D:8)
  Pikel (D:5)
  Grinder (D:6)
  A yak (D:8)
  Sigmund (D:3)
  A wraith (D:7)
  Eustachio (D:4)
  A steam dragon (D:7)
  Menkaure (D:6)
  A water moccasin (D:7)
  Duvessa (D:6)
  An orc warrior (D:8)
  2 ice beasts (D:5)
  Pargi (D:3)
  An ogre (D:5)
  A black bear (D:4)
  A necrophage (D:4)
  2 centaurs
  A lemure (D:5)
  A kobold brigand (D:8)
  2 bullfrogs
  4 scorpions
  2 wyvern skeletons
  Dowan (D:6)
  11 wights
  A bullfrog zombie (D:7)
  2 centaur zombies
  3 hounds
  A jelly (D:6)
  An orc priest (D:8)
  Crazy Yiuf (D:3)
  A centaur skeleton (D:5)
  Terence (D:3)
  2 iguanas
  9 orc wizards
  Natasha (thrice) (D:3)
  A killer bee zombie (D:8)
  A hound skeleton (D:5)
  2 gnolls (D:3)
  3 adders
  3 white imps
  3 dart slugs
  24 orcs
  3 ball pythons
  4 endoplasms
  2 giant cockroaches
  4 goblins
  6 hobgoblins
  3 jackals (D:2)
  12 kobolds
  A quokka (D:3)
  3 bats
  A frilled lizard (D:2)
  3 orc zombies
  2 rats
149 creatures vanquished.

Vanquished Creatures (collateral kills)
  2 wights (D:8)
  A centaur zombie (D:8)
  An orc wizard (D:8)
  2 gnolls (D:3)
  An orc (D:8)
  2 goblins
  A kobold (D:8)
10 creatures vanquished.

Vanquished Creatures (others)
  A spectral ice beast (D:5)
  2 scorpion zombies
  A felid zombie (D:3)
  A human zombie (D:3)
  A hobgoblin zombie (D:3)
  3 kobold zombies (D:8)
  2 orc zombies
  A spectral endoplasm (D:3)
  17 fungi (D:8)
  18 plants (D:8)
47 creatures vanquished.

Grand Total: 206 creatures vanquished

Notes
Turn   | Place    | Note
-------+----------+-------------------------------------------
     0 | D:1      | HallandMoats the Demonspawn Fighter began the quest for the
                  | Orb.
     0 | D:1      | Reached XP level 1. HP: 18/18 MP: 1/1
   362 | D:1      | Reached skill level 1 in Invocations
   362 | D:1      | Gained mutation: You have a pair of small horns on your
                  | head. [demonic ancestry]
   362 | D:1      | Reached XP level 2. HP: 17/24 MP: 2/2
  1086 | D:2      | Found a faded altar of an unknown god.
  1127 | D:2      | Prayed at the altar of an unknown god.
  1127 | D:2      | Became a worshipper of Yredelemnul the Dark
  1127 | D:2      | Reached * piety under Yredelemnul
  1197 | D:2      | Gained mutation: You have a pair of horns on your head.
                  | [demonic ancestry]
  1197 | D:2      | Reached XP level 3. HP: 29/29 MP: 4/4
  1251 | D:2      | Reached ** piety under Yredelemnul
  1273 | D:2      | Reached skill level 2 in Invocations
  1678 | D:3      | Found a runed translucent door.
  1679 | D:3      | Noticed Crazy Yiuf
  1694 | D:3      | Noticed Pargi
  1700 | D:3      | Killed Pargi
  1701 | D:3      | Reached skill level 1 in Dodging
  1701 | D:3      | Reached skill level 3 in Invocations
  1701 | D:3      | Reached XP level 4. HP: 28/35 MP: 4/6
  1701 | D:3      | Reached XP level 5. HP: 33/41 MP: 4/7
  1780 | D:3      | Found a blossoming altar of Fedhas.
  1840 | D:3      | Noticed Terence
  1858 | D:3      | HP: 1/41 [Terence/puff of flame (5)]
  1865 | D:3      | Killed Terence
  2158 | D:3      | Noticed Natasha
  2158 | D:3      | Noticed Sigmund
  2163 | D:3      | Your ally Terence died
  2507 | D:3      | Killed Natasha
  2516 | D:3      | Noticed Natasha
  2524 | D:3      | Killed Natasha
  2552 | D:3      | Killed Sigmund
  2553 | D:3      | Reached skill level 4 in Invocations
  2553 | D:3      | Gained mutation: Your demonic aura sometimes causes spilled
                  | blood to erupt in flames. [demonic ancestry]
  2553 | D:3      | Reached XP level 6. HP: 42/48 MP: 7/9
  2558 | D:3      | Noticed Natasha
  2570 | D:3      | Killed Natasha
  2782 | D:3      | Your ally Natasha died
  2784 | D:3      | Killed Crazy Yiuf
  2832 | D:4      | Reached XP level 7. HP: 51/53 MP: 10/10
  2916 | D:4      | Noticed Eustachio
  2935 | D:4      | Killed Eustachio
  2936 | D:4      | Reached skill level 5 in Invocations
  3097 | D:4      | Found a shadowy altar of Dithmenos.
  3390 | D:5      | Entered Level 5 of the Dungeon
  3532 | D:5      | Found a staircase to the Ecumenical Temple.
  3582 | D:5      | Reached skill level 5 in Shields
  3592 | D:5      | Reached XP level 8. HP: 54/60 MP: 12/12
  3649 | D:5      | Reached skill level 6 in Invocations
  3654 | D:5      | Found a shimmering blue altar of Sif Muna.
  4036 | D:5      | Noticed Pikel
  4065 | D:5      | Killed Pikel
  4066 | D:5      | Reached skill level 7 in Invocations
  4655 | D:6      | Noticed Grinder
  4655 | D:6      | Paralysed by Grinder for 4 turns
  4665 | D:6      | Paralysed by Grinder for 6 turns
  4676 | D:6      | Paralysed by Grinder for 4 turns
  4685 | D:6      | Paralysed by Grinder for 6 turns
  4694 | D:6      | Killed Grinder
  4695 | D:6      | Reached skill level 5 in Fighting
  4695 | D:6      | Gained mutation: You are partially covered in large bone
                  | plates. (SH +4) [demonic ancestry]
  4695 | D:6      | Reached XP level 9. HP: 12/68 MP: 14/14
  5283 | D:6      | Noticed Menkaure
  5288 | D:6      | Killed Menkaure
  5289 | D:6      | Reached skill level 8 in Invocations
  5338 | D:6      | Found Wiph's Antique Weapon Shoppe.
  5346 | D:6      | Bought a faintly glowing spear for 224 gold pieces
  5346 | D:6      | Identified the +1 spear of Humm {vorpal, +Blink Fly Int+4}
                  | (You bought it in a shop on level 6 of the Dungeon)
  5416 | D:6      | Noticed Dowan
  5417 | D:6      | Noticed Duvessa
  5427 | D:6      | Killed Duvessa
  5432 | D:6      | Killed Dowan
  5808 | D:7      | Reached skill level 5 in Armour
  6460 | D:7      | Reached skill level 9 in Invocations
  6628 | D:8      | Noticed an eight-headed hydra
  6915 | D:8      | Noticed Harold
  6928 | D:8      | Killed Harold
  6929 | D:8      | Reached skill level 5 in Axes
  6929 | D:8      | Reached XP level 10. HP: 76/76 MP: 17/17
  6949 | D:8      | Reached skill level 10 in Invocations
  7129 | D:8      | Killed a nine-headed hydra
  7130 | D:8      | Reached skill level 5 in Dodging
  7214 | D:8      | Reached *** piety under Yredelemnul
  7567 | D:8      | Found a staircase to the Lair.
  7666 | D:9      | Noticed a boulder beetle
  7667 | D:9      | Noticed a death knight
  7669 | D:9      | Slain by a boulder beetle

Illustrated notes

Levels and vault maps discovered:
D:1:      mrwooster_arrival_statue, layout_basic
D:2:      layout_rooms, nicolae_ecumenical_pavilion, hangedman_decor_points
D:3:      layout_rooms, mainiacjoe_overflow_small_starburst, fedhas_altar_2,
          uniq_crazy_yiuf_cottage, uniq_natasha, uniq_pargi, uniq_sigmund,
          uniq_terence
D:4:      nicolae_cairo_tiling_very_big, layout_rooms,
          grunt_dithmenos_smoke_and_mirrors, minmay_misc_feat_iff,
          uniq_eustachio
D:5:      layout_basic, old_standard_altar, temple_statues, uniq_pikel
D:6:      layout_loops_corners, serial_shops, shop, uniq_duvessa, uniq_grinder,
          uniq_menkaure
D:7:      layout_basic
D:8:      layout_loops_ring, grunt_lair_entry_orc_guard_hut,
          minmay_misc_feat_pillars, chequers_jeans, uniq_harold
D:9:      minmay_curly_fans, layout_loops_corners, grunt_qazlal_sundering,
          mainiacjoe_overflow_24_doors

Skill      XL: |  1  2  3  4  5  6  7  8  9 10 |
---------------+-------------------------------+-----
Invocations    | 1 3 4 5 7 9 10 | 10.6
Shields        | 3 4 5 6 7 |  7.1
Axes           | 2 3 4 5 |  5.5
Armour         | 3 4 5 |  5.9
Dodging        | 1 2 3 4 5 |  5.2
Fighting       | 4 5 6 |  6.4

Action                   |  1- 3 |  4- 6 |  7- 9 | 10-12 || total
-------------------------+-------+-------+-------+-------++-------
Melee: War axe           |    75 |    67 |   292 |       ||   434
       Headbutt          |     6 |    13 |    70 |    16 ||   105
       Spear             |       |       |    31 |    88 ||   119
  Use: Potion            |       |     1 |     1 |     1 ||     3
 Stab: Distracted        |       |     1 |       |       ||     1
Armor: Scale mail        |    26 |     5 |       |       ||    31
       Chain mail        |       |    22 |   234 |    21 ||   277
Dodge: Dodged            |    38 |    33 |   222 |    31 ||   324
Block: Buckler           |    22 |    12 |   138 |    36 ||   208

Table legend: (Time is in decaauts)
 A = Elapsed time spent in this place.
 B = Non-inter-level travel time spent in this place.
 C = Inter-level travel time spent in this place.
 D = Time resting spent in this place.
 E = Time spent auto-exploring this place.
 F = Levels seen in this place.
 G = Mean time per level.
                   A        B        C        D        E       F      G
               +--------+--------+--------+--------+--------+-----+--------+
         Total |   7827 |   7320 |    507 |    460 |   5409 |   9 |  869.7 |
       Dungeon |   7827 |   7320 |    507 |    460 |   5409 |   9 |  869.7 |
               +--------+--------+--------+--------+--------+-----+--------+

Top non-repeatable levels by time:
     D:6: 1423 daAuts
     D:3: 1154 daAuts
     D:1: 1102 daAuts
     D:7: 974 daAuts
     D:5: 959 daAuts
     D:8: 950 daAuts
     D:2: 620 daAuts
     D:4: 583 daAuts
     D:9: 57 daAuts
